 Dungeon Crawl Stone Soup version 0.18.1-48-g4cf74bf (webtiles) character file.

165 Jerry the Digger (level 5, -1/42 HPs)
             Began as a Demigod Earth Elementalist on Aug 5, 2016.
             Slain by an orc wizard
             ... wielding a +0 dagger
              (3 damage)
             ... on level 3 of the Dungeon.
             The game lasted 00:12:59 (2997 turns).

Jerry the Digger (Demigod Earth Elementalist)       Turns: 2997, Time: 00:12:59

Health: -1/42      AC:  3    Str: 11    XL:     5   Next: 1%
Magic:  9/10       EV: 15    Int: 21    God:
Gold:   120        SH:  0    Dex: 16    Spells: 2 memorised, 4 levels left

rFire  . . .     SeeInvis .     e - +0 hunting sling
rCold  . . .     Gourm    .     a - +1 robe
rNeg   . . .     Faith    .     (no shield)
rPois  .         Spirit   .     (no helmet)
rElec  .         Dismiss  .     (no cloak)
rCorr  .         Reflect  .     (no gloves)
SustAt +         Harm     +     (no boots)
MR     .....                    f - amulet of harm
Stlth  ++........               q - -5 ring of slaying (curse)
                                k - +3 ring of evasion

@: not resistant to hostile enchantments, unstealthy
A: high mp 1, sustain attributes
a: no special abilities


You were on level 3 of the Dungeon.
You were not hungry.

You visited 1 branch of the dungeon, and saw 3 of its levels.

You collected 120 gold pieces.

Inventory:

Hand Weapons
 e - a +0 hunting sling (weapon)
Missiles
 b - 64 stones (quivered)
Armour
 a - a +1 robe (worn)
 l - a +3 ring mail
Jewellery
 f - an amulet of harm (around neck)
 k - a +3 ring of evasion (left hand)
 q - a cursed -5 ring of slaying (right hand)
Wands
 m - a wand of enslavement (12/24)
Scrolls
 h - a scroll of enchant armour
 i - 3 scrolls of identify
 p - a scroll of blinking
Books
 c - a book of Geomancy

   Spells                             Type                      Level
   a - Sandblast                      Earth                        1
   b - Passwall                       Transmutation/Earth          2
   c - Stone Arrow                    Conjuration/Earth            3
   d - Petrify                        Transmutation/Earth          4
   e - Lee's Rapid Deconstruction     Earth                        5
 n - an Akashic Record

   Spells                             Type                      Level
   a - Dispersal                      Translocation                6
   b - Malign Gateway                 Summoning/Translocation      7
   c - Disjunction                    Translocation                8
   d - Controlled Blink               Translocation                8
Comestibles
 d - 2 bread rations
 j - a meat ration


   Skills:
 + Level 2.5 Fighting
 + Level 2.4 Armour
 - Level 1.7 Dodging
 - Level 1.7 Stealth
 - Level 1.7 Spellcasting
 - Level 0.8 Transmutations
 + Level 3.6 Earth Magic


You had 4 spell levels left.
You knew the following spells:

 Your Spells              Type           Power        Failure   Level  Hunger
a - Sandblast             Erth           ###...       3%          1    #......
b - Passwall              Trmt/Erth      ##........   12%         2    ###....


Dungeon Overview and Level Annotations

Branches:
Dungeon (3/15)


Innate Abilities, Weirdness & Mutations

You have an increased reservoir of magic (+10% MP).
Your attributes are resistant to harm.


Message History

Aiming: Sandblast
Press: ? - help, Shift-Dir - straight line, f/p - orc wizard
Aim: an orc wizard, wielding a dagger and wearing a robe (moderately wounded, fast)
The blast of sand hits the orc wizard.
The orc wizard is heavily wounded.
The orc wizard barely misses you.
Drink which item? (? for menu, Esc to quit)
It was a potion of magic.
Magic courses through your body. The orc wizard hits you with a dagger.
* * * LOW HITPOINT WARNING * * *
The orc wizard barely misses you.
Casting: Sandblast
Confirm with . or Enter, or press ? or * to list all spells.
Aiming: Sandblast
Press: ? - help, Shift-Dir - straight line, f/p - orc wizard
Aim: an orc wizard, wielding a dagger and wearing a robe (heavily wounded, fast)
The blast of sand hits the orc wizard.
The orc wizard is heavily wounded.
The orc wizard hits you with a dagger.
You die...

###### ## ..... .. ###...###
.## .....(. .. ########...# .#
###+##......#...#####.###
#..........<#@o(..(((...#
#...........#((.....(.[.#
#...........##..........####
######+##......##.(.........(..
.......##....(.##...(......(#..
...............([.........(#_#.
.........########...).(....(#(.
#####....# #####.##.#.....
#####....# #............


You could see an orc wizard.

Vanquished Creatures
  Jessica (D:3)
  The ghost of RepoMan the Skirmisher, a weakling DsWn (D:3)
  4 gnolls (D:2)
  2 adders (D:2)
  An ooze (D:1)
  5 dart slugs
  A giant gecko (D:1)
  2 orcs (D:3)
  7 bats
  4 giant cockroaches
  6 goblins
  5 hobgoblins
  A quokka (D:2)
  A ball python (D:1)
  2 giant newts
  5 kobolds
  6 rats
54 creatures vanquished.

Notes
Turn   | Place    | Note
--------------------------------------------------------------
     0 | D:1      | Jerry the Demigod Earth Elementalist began the quest for the Orb.
     0 | D:1      | Reached XP level 1. HP: 14/14 MP: 5/5
   376 | D:1      | Reached skill level 1 in Armour
   416 | D:1      | Reached XP level 2. HP: 22/22 MP: 7/7
   452 | D:1      | Reached skill level 1 in Fighting
  1055 | D:1      | Reached XP level 3. HP: 28/28 MP: 8/8
  1084 | D:1      | You fall through a shaft!
  1189 | D:1      | Learned a level 2 spell: Passwall
  1355 | D:2      | Reached skill level 3 in Earth Magic
  1650 | D:2      | Reached XP level 4. HP: 28/36 MP: 4/9
  2071 | D:2      | Found a snail-covered altar of Cheibriados.
  2320 | D:3      | Noticed RepoMan's ghost (weakling DsWn)
  2347 | D:3      | Killed RepoMan's ghost
  2552 | D:3      | Noticed Jessica
  2725 | D:3      | Killed Jessica
  2725 | D:3      | Reached XP level 5. HP: 20/42 MP: 3/10
  2933 | D:3      | Found a faded altar to an unknown god.
  2996 | D:3      | HP: 2/42 [orc wizard/dagger (2)]
  2997 | D:3      | Slain by an orc wizard

Skill      XL: |  1  2  3 |
---------------+----------+-----
Armour         | 1 2 |  2.4
Fighting       | 1 2 |  2.5
Earth Magic    | 3 |  3.6
Dodging        | |  1.7
Stealth        | |  1.7
Spellcasting   | |  1.7
Transmutations | |  0.8

Action                   |  1- 3 |  4- 6 || total
-------------------------+-------+-------++-------
 Fire: Hunting sling     |   130 |   158 ||   288
Throw: Stone             |    21 |       ||    21
 Cast: Sandblast         |    13 |    29 ||    42
  Use: Scroll            |       |     8 ||     8
       Potion            |       |     3 ||     3
  Eat: Chunk             |     2 |     2 ||     4
       Bread ration      |       |     1 ||     1
Armor: Robe              |    16 |    11 ||    27
       Skin              |       |    39 ||    39
Dodge: Dodged            |    51 |    51 ||   102
